 Dungeon Crawl Stone Soup version 0.17-a0-2215-g49c1de0 (webtiles) character file.

245 vev the Insei (level 6, -5/43 HPs)
             Began as an Octopode Monk on Oct 28, 2015.
             Slain by a scorpion (7 damage)
             ... on level 4 of the Dungeon.
             The game lasted 00:12:56 (3449 turns).

vev the Insei (Octopode Monk)                       Turns: 3449, Time: 00:12:56

Health: -5/43      AC:  1    Str: 14    XL:     6   Next: 10%
Magic:  6/6        EV: 13    Int: 14    God:
Gold:   200        SH:  0    Dex: 11    Spells: 0 memorised, 5 levels left

rFire  + . .     SeeInvis .       - Unarmed
rCold  x . .     Clarity  .     (no shield)
rNeg   . . .     SustAt   .     (helmet restricted)
rPois  .         Gourm    .     r - amulet of inaccuracy (curse)
rElec  .         Spirit   .     f - +3 ring of strength
rCorr  .         Warding  .     e - ring of wizardry
rMut   .         Stasis   .     g - ring of flight
MR     .....                    k - ring of fire
Stlth  ++++......               w - -3 ring of dexterity (curse)
                                (no ring)
                                (no ring)
                                (no ring)

@: lethally poisoned (-5 -> -6), not resistant to hostile enchantments, stealthy
A: almost no armour, amphibious, 8 rings, constrict 8, camouflage 1, gelatinous
body 1
a: Evoke Flight


You were on level 4 of the Dungeon.
You were near starving.

You visited 1 branch of the dungeon, and saw 4 of its levels.

You collected 200 gold pieces.

Inventory:

Missiles
 b - 22 poisoned needles
Jewellery
 e - a ring of wizardry (right tentacle)
 f - a +3 ring of strength (left tentacle)
 g - a ring of flight (on tentacle)
 k - a ring of fire (on tentacle)
 r - a cursed amulet of inaccuracy (around mantle)
 v - an uncursed amulet of warding
 w - a cursed -3 ring of dexterity (on tentacle)
Wands
 t - a wand of frost (22)
Scrolls
 i - a scroll of fear
 l - a scroll of amnesia {unknown}
 m - a scroll of teleportation
 o - a scroll of enchant weapon
 q - a scroll of recharging
 s - a scroll of identify {unknown}
Potions
 c - 2 potions of curing {unknown}
 n - a potion of cure mutation {unknown}
 p - a potion of beneficial mutation {unknown}
Comestibles
 a - 5 bread rations
 d - 4 meat rations
 h - 2 fruits
 j - a beef jerky


   Skills:
 + Level 4.0 Fighting
 + Level 4.2 Dodging
 + Level 4.6 Stealth
 + Level 5.2 Unarmed Combat


You had 5 spell levels left.
You didn't know any spells.

Dungeon Overview and Level Annotations

Branches:
Dungeon (4/15)
 Temple: D:4-7

Altars:
Fedhas
Makhleb
Nemelex Xobeh
Okawaru
Sif Muna
Trog
Vehumet
Xom
The Shining One

Shops:
D:4 [

Annotations:
D:3 exclusion: orc wizard


Innate Abilities, Weirdness & Mutations

You cannot wear most types of armour.
You are amphibious.
You can wear up to eight rings at the same time.
You can use your tentacles to constrict eight enemies at once.
Your skin changes colour to match your surroundings (Stealth).
Your rubbery body absorbs attacks (AC +1).


Message History

You barely miss the scorpion. Your grab misses the scorpion.
Your tentacle-slap misses the scorpion.
You tentacle-slap the scorpion but do no damage.
Your grab misses the scorpion. You tentacle-slap the scorpion.
The scorpion is moderately wounded.
The scorpion stings you.
You tentacle-slap the scorpion. You grab the scorpion.
The scorpion is heavily wounded.
You constrict the scorpion. The scorpion stings you!
* * * LOW HITPOINT WARNING * * *
The adder moves out of view.
You tentacle-slap the scorpion. You squeeze the scorpion.
The scorpion is almost dead.
You constrict the scorpion, but do no damage.
You feel sick. The scorpion stings you!
* * * LOW HITPOINT WARNING * * *
You closely miss the scorpion.
The scorpion is almost dead.
You constrict the scorpion. The scorpion stings you!
You die...

.####.... .# #.#
#. ........# ##[#
#.# ## ........#
#.. ##.# #
#?.###.####..#####
#....#............
#.##..............
#.####............
#.####...........#
#@##...####....###
#s.#.### #....# #
##.#. #....# # .#
###..# # S. #.## #
... ##. ... ##
....


You could see a scorpion and an adder.

Vanquished Creatures
  An ogre (D:4)
  Ijyb (D:3)
  A worker ant (D:4)
  6 adders
  4 orcs (D:3)
  11 bats
  4 giant cockroaches
  5 hobgoblins
  3 jackals (D:2)
  6 kobolds
  A ball python (D:2)
  5 giant newts
  8 goblins
  6 rats
62 creatures vanquished.

Notes
Turn   | Place    | Note
--------------------------------------------------------------
     0 | D:1      | vev the Octopode Monk began the quest for the Orb.
     0 | D:1      | Reached XP level 1. HP: 16/16 MP: 1/1
   257 | D:1      | Reached XP level 2. HP: 17/21 MP: 2/2
  1000 | D:2      | Reached XP level 3. HP: 26/26 MP: 3/3
  1234 | D:2      | Found a bloodstained altar of Trog.
  1237 | D:2      | Found a shimmering altar of Xom.
  1237 | D:2      | Found a burning altar of Makhleb.
  1237 | D:2      | Found a glowing golden altar of the Shining One.
  1401 | D:2      | Found a blossoming altar of Fedhas.
  1411 | D:2      | Found a radiant altar of Vehumet.
  1649 | D:2      | Reached XP level 4. HP: 3/31 MP: 4/4
  2218 | D:3      | Found an iron altar of Okawaru.
  2282 | D:3      | Noticed Ijyb
  2293 | D:3      | Killed Ijyb
  2568 | D:3      | Reached XP level 5. HP: 10/36 MP: 5/5
  2872 | D:3      | Found a deep blue altar of Sif Muna.
  2979 | D:4      | Noticed an ogre
  2994 | D:4      | Killed an ogre
  2994 | D:4      | Reached skill level 5 in Unarmed Combat
  3278 | D:4      | Found Quydari's Antique Armour Shoppe.
  3304 | D:4      | Found a sparkling altar of Nemelex Xobeh.
  3326 | D:4      | Found a bloodstained altar of Trog.
  3385 | D:4      | Reached XP level 6. HP: 43/43 MP: 6/6
  3448 | D:4      | HP: 2/43 [scorpion (7)]
  3449 | D:4      | Slain by a scorpion

Vault maps used:
D:1:      dpeg_arrival_water_fire
D:2:      amethyst_overflow_temple_binary, grunt_temple_overflow_open
D:3:      led_sif_book, okawaru_ov_weapons_minmay, uniq_iyjb
D:4:      gammafunk_temple_overflow_elements, nemelex_xobeh_ov_fountains_minmay,
          first_bread, serial_shops, nicolae_shop_window_shopping, trog_book,
          uniq_crazy_yiuf_cottage

Action                   |  1- 3 |  4- 6 || total
-------------------------+-------+-------++-------
Melee: Unarmed           |    81 |    52 ||   133
Evoke: Wand              |       |     5 ||     5
  Use: Scroll            |       |     6 ||     6
 Stab: Sleeping          |    14 |     4 ||    18
  Eat: Chunk             |     2 |     4 ||     6
